 Dungeon Crawl Stone Soup version 0.27.1-37-g7b29ead8ac (webtiles) character file.

Game seed: 3086591862021641898

88 cbfl8 the Skirmisher (level 4, -1/40 HPs)
             Began as a Minotaur Fighter on Apr 28, 2023.
             Killed by divine providence
             ... invoked by an orc priest
              (10 damage)
             ... on level 2 of the Dungeon.
             The game lasted 00:01:45 (1706 turns).

cbfl8 the Skirmisher (Minotaur Fighter)             Turns: 1706, Time: 00:01:45

Health: -1/40      AC:  8    Str: 20    XL:     4   Next: 29%
Magic:  3/3        EV:  5    Int:  5    God:
Gold:   56         SH: 14    Dex: 11    Spells: 3/3 levels left

rFire    . . .     SeeInvis .   a - +0 war axe
rCold    . . .     Faith    .   j - +0 tower shield
rNeg     + . .     Spirit   .   b - +0 scale mail
rPois    .         Reflect  .   (helmet restricted)
rElec    .         Harm     .   (no cloak)
rCorr    .         Rampage  .   e - +0 pair of gloves
Will     .....                  (no boots)
Stlth    ..........             (no amulet)
HPRegen  0.13/turn              i - ring of positive energy
MPRegen  0.08/turn              (no ring)

@: mighty
A: horns 2, retaliatory headbutt
a: no special abilities


You were on level 2 of the Dungeon.
You visited 1 branch of the dungeon, and saw 2 of its levels.

You collected 56 gold pieces.

Inventory:

Hand Weapons
 a - a +0 war axe (weapon)
Armour
 b - a +0 scale mail (worn)
 e - a +0 pair of gloves (worn)
 j - a +0 tower shield (worn)
Jewellery
 i - a ring of positive energy (left hand)
Scrolls
 f - 4 scrolls of identify {unknown}
 g - a scroll of fear {unknown}
Potions
 d - a potion of might
 h - a potion of heal wounds {unknown}


   Skills:
 + Level 3.9 Fighting
 * Level 3.7 Axes
 + Level 3.8 Armour
 * Level 1.1 Dodging
 * Level 0.8 Stealth
 + Level 3.8 Shields
 * Level 1.1 Invocations
 * Level 0.9 Evocations


You had 3 spell levels left.
You didn't know any spells.
Your spell library was empty.

Dungeon Overview and Level Annotations

Branches:
Dungeon (2/15)

Altars:


Innate Abilities, Weirdness & Mutations

You have a pair of horns on your head.
You reflexively headbutt those who attack you in melee.


Message History

No target in view!
An orc priest comes into view. It is wielding a +0 hand axe.
The orc priest shouts!
You hear a shout!
An orc comes into view. It is wielding a +0 mace.
The orc shouts!
The orc priest casts a cantrip, but nothing happens.
There are monsters nearby!
An orc priest comes into view. It is wielding a +0 dagger.
The orc priest invokes the aid of Beogh against you.
Beogh smites you!
Ouch! That really hurt!
The orc priest shouts!
There are monsters nearby!
You are too injured to fight recklessly!
There are monsters nearby!
You are too injured to fight recklessly!
Okay, then.
You feel very mighty all of a sudden.
An orc comes into view. It is wielding a +0 club.
Your scale mail prevents you from hitting the orc priest.
You block the orc priest's attack.
The orc priest calls down the wrath of Beogh upon you.
Beogh smites you!
* * * LOW HITPOINT WARNING * * *
You are too injured to fight recklessly!
You are too injured to fight recklessly!
You are too injured to fight recklessly!
You slash the orc priest!
You kill the orc priest!
You barely miss the orc. You block the orc's attack.
The orc hits you with a +0 mace.
* * * LOW HITPOINT WARNING * * *
Your Invocations skill increases to level 1!
You have reached level 4!
You feel agile.
You slash the orc!
You kill the orc!
The orc priest mumbles some strange prayers to Beogh against you.
Beogh smites you!
You die...

#####.........
#>............
#####.###.###..###
#.....# #.# #.##..
#....## #.###.....
#...## #.#.......
#...# ###......#..
#...###........#..
#@####..#...#..#..
#)o#
#.......#.....
#.##
#####...#..... #o
#......... #.
#......... ..
###......... ..
............ ...
###.###.....
##.#.......


You could see an orc priest and an orc.

Vanquished Creatures
  An orc priest (D:2)
  A gnoll (D:1)
  4 dart slugs
  2 orcs (D:2)
  5 endoplasms
  2 giant cockroaches (D:1)
  3 goblins
  2 hobgoblins
  3 jackals (D:1)
  3 quokkas
  A ball python (D:1)
  A bat (D:1)
  3 frilled lizards
  4 kobolds
  5 rats
40 creatures vanquished.

Notes
Turn   | Place    | Note
-------+----------+-------------------------------------------
     0 | D:1      | cbfl8 the Minotaur Fighter began the quest for the Orb.
     0 | D:1      | Reached XP level 1. HP: 19/19 MP: 0/0
   248 | D:1      | Reached XP level 2. HP: 23/27 MP: 1/1
   562 | D:1      | Reached XP level 3. HP: 33/33 MP: 2/2
  1388 | D:2      | Reached skill level 1 in Dodging
  1706 | D:2      | Reached skill level 1 in Invocations
  1706 | D:2      | Reached XP level 4. HP: 9/40 MP: 3/3
  1706 | D:2      | Killed from afar by an orc priest

Illustrated notes

Levels and vault maps discovered:
D:1:      dpeg_arrival_oval, layout_loops_ring, kennysheep_minor_cross
D:2:      layout_rooms, minmay_misc_feat_columns, hangedman_decor_push

Skill      XL: |  1  2  3 |
---------------+----------+-----
Axes           | 3 |  3.7
Dodging        | 1 |  1.1
Invocations    | 1 |  1.1
Fighting       | |  3.9
Armour         | |  3.8
Stealth        | |  0.8
Shields        | |  3.8
Evocations     | |  0.9

Action                   |  1- 3 |  4- 6 || total
-------------------------+-------+-------++-------
Melee: War axe           |    81 |     1 ||    82
       Headbutt          |     5 |       ||     5
  Use: Potion            |     1 |       ||     1
Armor: Scale mail        |    33 |       ||    33
Dodge: Dodged            |    23 |       ||    23
Block: Kite shield       |    35 |       ||    35
       Tower shield      |     8 |       ||     8
